 Dungeon Crawl Stone Soup version 0.31-a0-1074-g0b22e4e0f1 (webtiles) character file.

Game seed: 17205261857976538214

98 Jeffwins the Stinger (level 4, 0/22 HPs)
             Began as a Vine Stalker Venom Mage on Dec 4, 2023.
             Slain by Grinder (6 damage)
             ... while paralysed by Grinder
             ... on level 3 of the Dungeon.
             The game lasted 00:02:23 (1571 turns).

Jeffwins the Stinger (Vine Stalker Venom Mage)      Turns: 1571, Time: 00:02:23

Health: 0/22       AC: 10    Str: 11    XL:     4   Next: 71%
Magic:  0/9        EV:  2    Int: 17    God:
Gold:   54         SH:  0    Dex: 14    Spells: 5/9 levels left

rFire   . . .        h - +1 dagger (protect)
rCold   . . .        (no shield)
rNeg    . . .        e - +0 robe
rPois   .            i - +0 helmet
rElec   .            (no cloak)
rCorr   .            (no gloves)
SInv    .            (no boots)
Will    .....        (no amulet)
Stlth   ++           (no ring)
HPRegen 1.03/turn    (no ring)
MPRegen 0.11/turn

%: guardian spirit
@: paralysed, under a protective aura
A: fangs 2, regeneration 1, magic shield, antimagic bite, no potion heal 2
a: no special abilities


You were on level 3 of the Dungeon.
You visited 1 branch of the dungeon, and saw 3 of its levels.

You collected 54 gold pieces.


Innate Abilities, Weirdness & Mutations

You have extremely sharp teeth.
Your natural rate of healing is unusually fast.
When hurt, damage is shared between your health and your magic reserves.
Your bite disrupts and absorbs the magic of your enemies.
Potions cannot restore your health.


   Skills:
 + Level 1.0 Fighting
 - Level 2.0 Dodging
 + Level 2.9 Stealth
 * Level 3.1 Spellcasting
 + Level 0.6 Conjurations
 - Level 1.0 Transmutations
 + Level 1.0 Air Magic
 * Level 3.7 Poison Magic


You had 5 spell levels left.
You knew the following spells:

 Your Spells              Type           Power      Damage    Failure   Level
m - Mephitic Cloud        Conj/Pois/Air  8%         N/A       26%         3
z - Sting                 Tmut/Pois      40%        1d5       7%          1

Your spell library contained the following spells:

 Spells                   Type           Power      Damage    Failure   Level
 Poisonous Vapours        Pois/Air       20%        N/A       10%         2
 Olgreb's Toxic Radiance  Pois           15%        N/A       36%         4

Inventory:

Hand Weapons
 a - a +0 sling
 h - a +1 dagger of protection (weapon)
Armour
 e - a +0 robe (worn)
 i - a +0 helmet (worn)
Scrolls
 d - a scroll of poison {unknown}
 g - a scroll of enchant armour {unknown}
 j - a scroll of enchant weapon {unknown}
 k - 3 scrolls of identify {unknown}
 l - a scroll of blinking {unknown}
 m - a scroll of vulnerability {unknown}
 n - a scroll of revelation {unknown}
Potions
 b - a potion of magic
 c - 2 potions of curing {unknown}
 f - a potion of resistance {unknown}

Dungeon Overview and Level Annotations

Branches:
Dungeon (3/15)

Altars:

Annotations:
D:3 Grinder

###### #..>... ##......!
#........ ### #........
..# ######........ ..#
#.....@5...... ..#
####.#...........
..######.......▒▒▒▒▒....
.........####..▒ ...
........#####..▒ .
...............▒
........[......▒
...########.....
....#### ##.....


You could see Grinder (poisoned).


Message History

You are too injured to fight recklessly!
You are too injured to fight recklessly!
Unknown command.
You barely miss Grinder. Your bite misses Grinder.
Grinder is moderately wounded.
Grinder gestures at you.
You struggle to resist.
Unknown command.
You hit Grinder.
Your weapon exudes an aura of protection.
You bite Grinder, but do no damage.
Grinder is heavily wounded.
Grinder says, "My boss said I was rubbish.
His entrails said otherwise."
Grinder hits you!
* * * LOW HITPOINT WARNING * * *
You writhe in agony.
* * * LOW HITPOINT WARNING * * *
You hit Grinder.
Grinder is heavily wounded.
Grinder closely misses you.
Unknown command.
Okay, then.
You hit Grinder but do no damage. Your punch misses Grinder.
Your bite misses Grinder.
Grinder is heavily wounded.
Grinder gestures at you.
You suddenly lose the ability to move!
Grinder hits you!
You die...
Grinder says, "Now the real fun starts!"

Skill      XL: |  1  2  3  4 |
---------------+-------------+-----
Spellcasting   | 3 |  3.1
Fighting       | 1 |  1.0
Dodging        | 2 |  2.0
Air Magic      | 1 |  1.0
Stealth        | |  2.9
Conjurations   | |  0.6
Transmutations | |  1.0
Poison Magic   | |  3.7

Action                     |  1- 3 |  4- 6 || total
---------------------------+-------+-------++-------
  Melee: Unarmed           |    25 |       ||    25
         Bite              |    51 |    19 ||    70
         Dagger            |   112 |    90 ||   202
         Punch             |     3 |     1 ||     4
   Fire: Sling             |     6 |       ||     6
   Cast: Sting             |     3 |     6 ||     9
   Stab: Sleeping          |     2 |     1 ||     3
 Armour: Robe              |    79 |    57 ||   136
  Dodge: Dodged            |   114 |    49 ||   163

Levels and vault maps discovered:
D:1:      erik_arrival_triangle_medium, layout_basic
D:2:      layout_rooms
D:3:      layout_rooms, kb_xom_exploding_sheep, uniq_grinder, uniq_natasha

Notes
Turn   | Place    | Note
-------+----------+-------------------------------------------
     0 | D:1      | Jeffwins the Vine Stalker Venom Mage began the quest for
                  | the Orb.
     0 | D:1      | Reached XP level 1. HP: 9/9 MP: 4/4
    60 | D:1      | Reached XP level 2. HP: 13/13 MP: 6/6
   492 | D:1      | Reached XP level 3. HP: 17/17 MP: 7/7
   498 | D:1      | Learned a level 3 spell: Mephitic Cloud
  1113 | D:2      | Reached XP level 4. HP: 21/21 MP: 9/9
  1164 | D:2      | Reached skill level 3 in Spellcasting
  1500 | D:3      | Reached skill level 1 in Fighting
  1500 | D:3      | Reached skill level 2 in Dodging
  1500 | D:3      | Reached skill level 1 in Air Magic
  1552 | D:3      | Noticed Grinder
  1554 | D:3      | Paralysed by Grinder for 4 turns
  1570 | D:3      | Paralysed by Grinder for 5 turns
  1571 | D:3      | Slain by Grinder

Vanquished Creatures
  2 adders
  2 worms
  4 dart slugs
  2 bats (D:1)
  7 endoplasms
  4 giant cockroaches
  2 goblins
  5 hobgoblins
  12 jackals (D:1)
  3 quokkas
  5 ball pythons
  2 frilled lizards (D:2)
  2 kobolds
  7 rats
59 creatures vanquished.

Table legend: (Time is in decaauts)
 A = Elapsed time spent in this place.
 B = Non-inter-level travel time spent in this place.
 C = Inter-level travel time spent in this place.
 D = Time resting spent in this place.
 E = Time spent auto-exploring this place.
 F = Levels seen in this place.
 G = Mean time per level.
                   A        B        C        D        E       F      G
               +--------+--------+--------+--------+--------+-----+--------+
         Total |   1572 |   1459 |    113 |      0 |   1018 |   3 |  524.0 |
       Dungeon |   1572 |   1459 |    113 |      0 |   1018 |   3 |  524.0 |
               +--------+--------+--------+--------+--------+-----+--------+

Top non-repeatable levels by time:
     D:1: 1048 daAuts
     D:2: 427 daAuts
     D:3: 95 daAuts

Table legend:
 A = Non-vault XP
 B = Vault XP
 C = Vault XP percentage of total XP
 D = Non-vault monster count
 E = Vault monster count
 F = Vault count percentage of total count
                 A         B        C        D         E       F
            +---------+---------+-------+---------+---------+-------
      Total |     141 |       0 |   0.0 |      59 |       0 |   0.0
            +---------+---------+-------+---------+---------+-------
        D:1 |      65 |       0 |   0.0 |      34 |       0 |   0.0
        D:2 |      55 |       0 |   0.0 |      22 |       0 |   0.0
        D:3 |      21 |       0 |   0.0 |       3 |       0 |   0.0
            +---------+---------+-------+---------+---------+-------
